 Dungeon Crawl Stone Soup version 0.32-a0-918-g0f22ef8d61 (webtiles) character file.

Game seed: 3142857288851196008

60644 smashvw the Slicer (level 15, -6/84 HPs)
             Began as a Vine Stalker Fighter on Apr 11, 2024.
             Was a Believer of Uskayaw.
             Mangled by a radroach (12 damage)
             ... on level 2 of the Lair of Beasts.
             The game lasted 00:49:21 (16826 turns).

smashvw the Slicer (Vine Stalker Fighter)          Turns: 16826, Time: 00:49:21

Health: -6/84      AC: 25    Str: 28    XL:     15   Next: 0%
Magic:  0/23       EV:  6    Int: 13    God:    Uskayaw [**....]
Gold:   338        SH:  5    Dex: 11    Spells: 14/14 levels left

rFire   . . .        S - +5 rapier of the Hummingbird {elec, rC+++ Will+ Int+3 Dex-3}
rCold   + + +        c - +0 buckler
rNeg    . . .        H - +1 plate armour {rPois}
rPois   +            m - +2 hat
rElec   .            B - +2 cloak
rCorr   .            (no gloves)
SInv    .            (no boots)
Will    ++...        a - amulet "Zoor" {Rampage RegenMP+ Str+2 Int+2} Stlth
                     o - +4 ring of protection
HPRegen 1.14/turn    P - ring of flight
MPRegen 0.58/turn

%: guardian spirit, rampage
@: flying, very slightly contaminated, invisible
A: fangs 3, regeneration 1, magic shield, antimagic bite, no potion heal 2
a: Renounce Religion, Stomp, Line Pass


You were on level 2 of the Lair of Beasts.
You worshipped Uskayaw.
Uskayaw was aware of your devotion.
You visited 4 branches of the dungeon, and saw 19 of its levels.
You also visited: Bailey and Ice Cave.

You collected 2488 gold pieces.
You spent 2150 gold pieces at shops.

Inventory:

Hand Weapons
 z - the +4 dagger "Dragon's Tongue" {venom, +Blink}
   (You bought it in a shop on level 2 of the Orcish Mines)

   +Blink:    It lets you blink.
 E - a +5 rapier of flaming
 S - the +5 rapier of the Hummingbird (weapon) {elec, rC+++ Will+ Int+3 Dex-3}
   (You found it on level 4 of the Lair of Beasts)

   Int+3:     It affects your intelligence (+3).
   Dex-3:     It affects your dexterity (-3).
   rC+++:     It renders you almost immune to cold.
   Will+:     It increases your willpower.
Missiles
 I - a throwing net
Armour
 c - a +0 buckler (worn)
 m - a +2 hat (worn)
 B - a +2 cloak (worn)
 H - a +1 plate armour of poison resistance (worn)
Jewellery
 a - the amulet "Zoor" (around neck) {Rampage RegenMP+ Str+2 Int+2}
   (You acquired it on level 1 of the Orcish Mines)

   [amulet of magic regeneration]

   It increases your rate of magic regeneration.
   Str+2:     It affects your strength (+2).
   Int+2:     It affects your intelligence (+2).
   Rampage:   It bestows one free step when moving towards enemies.
   RegenMP+:  It increases your rate of magic regeneration.
 o - a +4 ring of protection (left hand)
 q - a ring of willpower
 v - an amulet of faith
 w - an amulet of the acrobat
 P - a ring of flight (right hand)
 R - an amulet of reflection
 U - a ring of resist corrosion
Wands
 t - a wand of roots (13)
 y - a wand of flame (40) (quivered)
 D - a wand of mindburst (16)
 G - a wand of paralysis (6)
Scrolls
 f - 2 scrolls of vulnerability
 g - 4 scrolls of enchant armour
 k - 2 scrolls of poison
 l - 3 scrolls of revelation
 n - 3 scrolls of enchant weapon
 u - 4 scrolls of teleportation
 x - 2 scrolls of immolation
 F - 3 scrolls of fog {unknown}
 L - 2 scrolls of amnesia
 M - 2 scrolls of noise {unknown}
 N - 2 scrolls of blinking {unknown}
 O - a scroll of torment {unknown}
 V - a scroll of brand weapon {unknown}
Potions
 d - 2 potions of heal wounds
 e - 3 potions of degeneration
 h - a potion of enlightenment
 i - 3 potions of resistance
 j - 2 potions of curing
 p - a potion of mutation
 r - 3 potions of brilliance
 A - 3 potions of magic {unknown}
 C - a potion of attraction {unknown}
 K - 2 potions of cancellation
Miscellaneous
 T - a phantom mirror


   Skills:
 + Level 11.7 Fighting
 - Level 14.0 Short Blades
 + Level 11.5 Armour
 - Level 6.0 Shields
 + Level 9.9 Invocations
 + Level 2.4 Evocations


You had 14 spell levels left.
You didn't know any spells.
Your spell library contained the following spells:

 Spells                   Type           Power      Damage    Failure   Level
 Apportation              Tloc           0%         N/A       95%         1
 Shock                    Conj/Air       0%         1d3       95%         1
 Slow                     Hex            0%         N/A       95%         1
 Jinxbite                 Hex            0%         N/A       99%         2
 Scorch                   Fire           0%         2d5       99%         2
 Confusing Touch          Hex            0%         N/A       100%        3
 Fugue of the Fallen      Necr           0%         N/A       100%        3
 Maxwell's Portable Pile  Tloc           0%         2d(5-13)  100%        3
 Ozocubu's Armour         Ice            0%         N/A       100%        3
 Stone Arrow              Conj/Erth      0%         3d7       100%        3
 Teleport Other           Tloc           0%         N/A       100%        3
 Vampiric Draining        Necr           0%         2d6       100%        3
 Brom's Barrelling Bould  Conj/Erth      0%         2d3       100%        4
 Flame Wave               Conj/Fire      0%         2d4       100%        4
 Leda's Liquefaction      Alch/Erth      0%         N/A       100%        4
 Petrify                  Alch/Erth      0%         N/A       100%        4
 Alistair's Intoxication  Alch           0%         N/A       100%        5
 Arcjolt                  Conj/Air       0%         1d10      100%        5
 Metabolic Englaciation   Hex/Ice        0%         N/A       100%        5
 Bombard                  Conj/Erth      0%         9d1       100%        6
 Dispersal                Tloc           0%         N/A       100%        6
 Gell's Gavotte           Tloc           0%         2d(11-16) 100%        6
 Sculpt Simulacrum        Ice/Alch       0%         N/A       100%        6
 Summon Cactus Giant      Summ           0%         N/A       100%        6
 Manifold Assault         Tloc           0%         N/A       100%        7
 Ozocubu's Refrigeration  Ice            0%         4d7       100%        7
 Maxwell's Capacitive Co  Air            0%         ∞         100%        8
 Polar Vortex             Ice            0%         N/A       100%        9


Dungeon Overview and Level Annotations

Branches:
Dungeon (12/15)            Temple (0/1) D:7            Lair (4/5) D:10
 Shoals (0/4) Lair:3       Spider (1/4) Lair:2        Slime (0/5) Lair:4
    Orc (2/2) D:12            Elf (0/3) Orc:2        Bailey (visited)
  IceCv (visited)

Altars:
Ashenzari
Cheibriados
Dithmenos
Elyvilon
Fedhas
Kikubaaqudgha
Nemelex Xobeh
Okawaru
Qazlal
Ru
Sif Muna
Trog
Uskayaw
Wu Jian
Xom
Zin
Beogh
Jiyva

Shops:
D:2 ?!   Orc:1 *(*   Orc:2 *(:**

Portals:
Pandemonium: Orc:2

Annotations:
D:3 1 runed translucent door, Crazy Yiuf
D:5 3 runed translucent doors, Jigsaw's ghost, weakling GnDe
D:10 1 runed translucent door


Innate Abilities, Weirdness & Mutations

You have razor-sharp teeth.
Your natural rate of healing is unusually fast.
When hurt, damage is shared between your health and your magic reserves.
Your bite disrupts and absorbs the magic of your enemies.
Potions cannot restore your health.


Message History

You are very lightly contaminated with residual magic.
The redback bites you but does no damage.
The wolf spider hits you but does no damage.
You block the wolf spider's attack.
You barely miss the radroach. You bite the radroach. You drain its power.
You feel invigorated.
The radroach is severely wounded.
You feel very sick.
The jumping spider pounces on you but does no damage.
The jumping spider bites you.
* * * LOW HITPOINT WARNING * * *
The redback bites you but does no damage.
Your system rejects the healing.
You feel better.
The wolf spider barely misses you. x2; You block the jumping spider's attack.
The jumping spider barely misses you. The radroach bites you.
* * * LOW HITPOINT WARNING * * *
The radroach claws you but does no damage.
The redback bites you.
* * * LOW HITPOINT WARNING * * *
The wolf spider hits you but does no damage.
The wolf spider bites you but does no damage.
The jumping spider pounces on you.
* * * LOW HITPOINT WARNING * * *
The jumping spider bites you but does no damage.
Okay, then.
You fade into invisibility!
The redback bites you!
* * * LOW HITPOINT WARNING * * *
The radroach bites you.
* * * LOW HITPOINT WARNING * * *
The radroach barely misses you. You block the wolf spider's attack.
The wolf spider barely misses you. The jumping spider closely misses you.
The jumping spider barely misses you. The redback bites you.
* * * LOW HITPOINT WARNING * * *
You hit the radroach but do no damage. Your bite misses the radroach.
The radroach is severely wounded.
The wolf spider hits you but does no damage.
The wolf spider closely misses you. The radroach bites you!
You die...
Your body falls in perfect tune with the rhythm.

#.....##......###..# #..#<.#
#...).###.###.##...# ##.#.### #
#.###.###.##..##..## ##.....###
#####........###...# #P.#......
##.###..P..##...##.####.###..##
##.#.###[#.#.......#.##..# ####
##.###.#.#..#..###..#.##..#
#.#####.##..#.#s#s#..#....#
##.#P#.#.#.#####@##.###..##
##....#..###.#B#s#..#.###
##(####.###..###..#.##
#..####.###...#...#.#
###..##P.##.##..†##..##
##P#..###.####.###.....#
#....## #># #^##.#...## #
##..## #.# ##..###...# # #..##
##.# #...##....# #


You could see a radroach (unable to see you), a wolf spider (unable to see you),
a jumping spider (unable to see you) and a redback (unable to see you).

Vanquished Creatures
  Donald (Orc:2)
  A fire dragon (Lair:4)
  An entropy weaver (Lair:2)
  2 vault guards (Bailey)
  2 demonspawn (Orc:2)
  2 boulder beetles
  Erica (D:11)
  A hydra (Lair:2)
  A death yak (Lair:2)
  3 two-headed ogres
  3 orc high priests (Orc:2)
  Urug (D:12)
  A sixfirhy (Orc:2)
  A lindwurm (Lair:4)
  2 harpies (Lair:3)
  6 orc knights
  4 obsidian bats
  11 orc sorcerers (Orc:2)
  An ugly thing (D:12)
  3 cyclopes
  An oklob plant (Lair:4)
  2 manticores
  Maurice (D:7)
  A meliai (Lair:2)
  3 kobold blastminers
  13 elephants
  4 black mambas
  9 cane toads
  An orange demon (Orc:2)
  A torpor snail (Lair:2)
  Jeremiah (D:6)
  A gargoyle (D:12)
  A rime drake (Lair:3)
  2 komodo dragons (Lair:1)
  2 ice devils (D:11)
  5 trolls
  A polar bear (Lair:3)
  2 hellwings (Orc:2)
  Prince Ribbit (Bailey)
  2 jumping spiders (Lair:2)
  A hornet (D:11)
  4 dream sheep (Lair:4)
  7 blink frogs
  A shadow (D:10)
  A ynoxinul (D:9)
  A wraith (D:11)
  21 yaks
  4 basilisks
  4 wyverns
  Eustachio (D:5)
  2 steam dragons
  4 wargs
  2 humans (Bailey)
  2 vampire mosquitoes (D:11)
  5 redbacks (Lair:2)
  A chaos spawn (Orc:2)
  An acid dragon (D:10)
  15 water moccasins
  33 orc warriors
  2 ice beasts (D:7)
  2 sky beasts (D:7)
  A black bear (Lair:3)
  9 ogres
  14 wolves
  2 centaurs (D:5)
  A phantom (D:5)
  3 kobold brigands
  3 scorpions
  A gnoll sergeant (D:8)
  15 bullfrogs
  6 wights (D:7)
  A two-headed ogre simulacrum (IceCv)
  16 killer bees
  2 electric eels (D:10)
  11 howler monkeys
  2 hounds
  30 orc priests
  A jelly (D:5)
  A gnoll bouda (D:8)
  3 sleepcaps
  Jessica (D:3)
  Natasha (thrice) (D:2)
  Terence (D:3)
  2 iguanas
  14 orc wizards
  2 troll simulacra (IceCv)
  2 spriggan simulacra (IceCv)
  A wolf simulacrum (IceCv)
  14 gnolls
  4 adders
  A shadow imp (D:7)
  A white imp (D:6)
  3 ufetubi
  2 dart slugs (D:1)
  3 ribbon worms
  66 orcs
  11 ball pythons
  6 bats
  8 endoplasms
  A giant cockroach (D:2)
  13 hobgoblins
  2 jackals (D:4)
  20 kobolds
  4 quokkas
  5 frilled lizards
  19 goblins
  6 rats
553 creatures vanquished.

Notes
Turn   | Place    | Note
-------+----------+-------------------------------------------
     0 | D:1      | smashvw the Vine Stalker Fighter began the quest for the
                  | Orb.
     0 | D:1      | Reached XP level 1. HP: 11/11 MP: 2/2
    66 | D:1      | Reached skill level 2 in Short Blades
    96 | D:1      | Reached XP level 2. HP: 16/16 MP: 1/3
   298 | D:1      | Found a faded altar of an unknown god.
   348 | D:1      | Reached XP level 3. HP: 20/20 MP: 4/4
  1257 | D:2      | Reached XP level 4. HP: 24/24 MP: 5/5
  1302 | D:2      | Found a snail-covered altar of Cheibriados.
  1315 | D:2      | Found Mecuicwidai's Distillery.
  1383 | D:2      | Noticed Natasha
  1388 | D:2      | Killed Natasha
  1481 | D:2      | Found Dousits's Magic Scroll Shop.
  1576 | D:2      | Noticed Natasha
  1588 | D:2      | Killed Natasha
  1589 | D:2      | Reached skill level 3 in Short Blades
  1589 | D:2      | Reached XP level 5. HP: 29/29 MP: 6/6
  1601 | D:2      | Noticed Natasha
  1621 | D:2      | Killed Natasha
  1699 | D:3      | Noticed Jessica
  1706 | D:3      | Killed Jessica
  1722 | D:3      | Noticed Terence
  1733 | D:3      | Killed Terence
  1780 | D:3      | Found a runed translucent door.
  1781 | D:3      | Noticed Crazy Yiuf
  1814 | D:3      | Found a glowing silver altar of Zin.
  1814 | D:3      | Found a hide-covered altar of Uskayaw.
  1821 | D:3      | Found a sparkling altar of Nemelex Xobeh.
  1824 | D:3      | Became a worshipper of Uskayaw the Reveller
  1827 | D:3      | Found a faded altar of an unknown god.
  1829 | D:3      | Found a stormy altar of Qazlal.
  1936 | D:3      | Reached * piety under Uskayaw
  1964 | D:3      | Reached ** piety under Uskayaw
  1973 | D:3      | Reached *** piety under Uskayaw
  1974 | D:3      | Reached XP level 6. HP: 13/33 MP: 4/7
  2059 | D:3      | Found a shadowy altar of Dithmenos.
  2126 | D:3      | Reached **** piety under Uskayaw
  2742 | D:4      | Reached skill level 1 in Invocations
  2899 | D:4      | Found a white marble altar of Elyvilon.
  2937 | D:4      | Reached XP level 7. HP: 33/38 MP: 7/9
  3079 | D:5      | Entered Level 5 of the Dungeon
  3142 | D:5      | Reached skill level 4 in Short Blades
  3303 | D:5      | Reached ***** piety under Uskayaw
  3311 | D:5      | Identified the +6 whip of Xomaro {heavy, *Corrode rElec
                  | Str+4}
  3321 | D:5      | Noticed Eustachio
  3336 | D:5      | Killed Eustachio
  3337 | D:5      | Reached skill level 5 in Fighting
  3337 | D:5      | Reached skill level 5 in Shields
  3337 | D:5      | Gained mutation: You have razor-sharp teeth. [Vine Stalker
                  | growth]
  3337 | D:5      | Reached XP level 8. HP: 43/43 MP: 9/11
  3569 | D:5      | Reached skill level 5 in Short Blades
  3672 | D:5      | Found a runed translucent gate.
  3672 | D:5      | Found a runed translucent gate.
  3673 | D:5      | Found a runed translucent gate.
  3907 | D:5      | Noticed Jigsaw's ghost (weakling GnDe)
  4050 | D:6      | Found an iron altar of Okawaru.
  4364 | D:6      | Noticed Jeremiah
  4385 | D:6      | Killed Jeremiah
  4386 | D:6      | Reached skill level 6 in Short Blades
  4494 | D:6      | Reached XP level 9. HP: 47/47 MP: 13/13
  4526 | D:6      | Found a shimmering altar of Xom.
  5123 | D:7      | Found an ancient bone altar of Kikubaaqudgha.
  5155 | D:7      | Reached skill level 7 in Short Blades
  5213 | D:7      | Reached ****** piety under Uskayaw
  5261 | D:7      | Found a staircase to the Ecumenical Temple.
  5368 | D:7      | Reached skill level 8 in Short Blades
  5390 | D:7      | Found a sacrificial altar of Ru.
  5813 | D:7      | Reached skill level 9 in Short Blades
  6040 | D:7      | Noticed Maurice
  6081 | D:7      | Killed Maurice
  6082 | D:7      | Reached skill level 10 in Short Blades
  6082 | D:7      | Reached XP level 10. HP: 51/51 MP: 14/14
  6536 | D:8      | Noticed a manticore
  6553 | D:8      | Killed a manticore
  6554 | D:8      | Reached skill level 11 in Short Blades
  7034 | D:8      | Found an ornate altar of the Wu Jian Council.
  7118 | D:9      | Found a bloodstained altar of Trog.
  7165 | D:9      | Found a shimmering blue altar of Sif Muna.
  7169 | D:9      | Got Sif Muna's Vellum of the Arenous Sixfirhy
  7243 | D:9      | Reached skill level 12 in Short Blades
  7565 | D:9      | Noticed a two-headed ogre
  7575 | D:9      | Killed a two-headed ogre
  7576 | D:9      | Reached XP level 11. HP: 36/55 MP: 12/15
  7881 | D:10     | Entered Level 10 of the Dungeon
  7909 | D:10     | Found a flagged portal.
  7919 | D:10     | Reached skill level 13 in Short Blades
  7965 | Bailey   | Entered a bailey
  7978 | Bailey   | Reached skill level 5 in Invocations
  8068 | Bailey   | Noticed a vault guard
  8068 | Bailey   | Noticed Prince Ribbit
  8079 | Bailey   | Killed a vault guard
  8080 | Bailey   | Killed Prince Ribbit
  8128 | Bailey   | Noticed a vault guard
  8151 | Bailey   | Killed a vault guard
  8249 | D:10     | Found a broken altar of Ashenzari.
  8250 | D:10     | Found a blossoming altar of Fedhas.
  8683 | D:10     | Found a staircase to the Lair.
  8766 | D:10     | Found a runed translucent door.
  8766 | D:10     | Noticed a cyclops
  8768 | D:10     | a meliai changed into an entropy weaver
  8768 | D:10     | Noticed an entropy weaver (shapeshifter)
  8781 | D:10     | Killed a cyclops
  8786 | D:10     | an entropy weaver changed into a troll
  8971 | D:10     | Noticed a boulder beetle
  9250 | D:11     | Noticed Erica
  9261 | D:11     | Killed Erica
  9262 | D:11     | Reached skill level 14 in Short Blades
  9329 | D:11     | Noticed a manticore
  9342 | D:11     | Killed a manticore
  9413 | D:11     | Got Sif Muna's Verses on Silt
  9445 | D:11     | Found a frozen archway.
  9471 | IceCv    | Entered an ice cave
  9679 | D:11     | Paralysed by a hornet for 2 turns
  9690 | D:11     | Reached XP level 12. HP: 22/60 MP: 14/18
  9830 | D:11     | Noticed a two-headed ogre
  9837 | D:11     | Killed a two-headed ogre
  9886 | D:11     | Noticed a boulder beetle
  9908 | D:11     | Killed a boulder beetle
  9963 | Lair:1   | Entered Level 1 of the Lair of Beasts
 10057 | Lair:1   | Reached skill level 5 in Armour
 10249 | Lair:1   | Noticed a boulder beetle
 10297 | Lair:1   | Killed a boulder beetle
 11253 | Lair:2   | You are sucked into a shaft and drop 1 floor!
 11417 | Lair:3   | Found a staircase to the Shoals.
 11428 | Lair:3   | Reached XP level 13. HP: 59/70 MP: 17/19
 12414 | Lair:4   | Reached skill level 10 in Fighting
 12511 | Lair:4   | Identified the +5 rapier of the Hummingbird {elec, rC+++
                  | Will+ Int+3 Dex-3}
 12893 | Lair:4   | Found a staircase to the Slime Pits.
 12894 | Lair:4   | Found a viscous altar of Jiyva.
 13030 | Lair:4   | Noticed a fire dragon
 13052 | Lair:4   | Killed a fire dragon
 13249 | Lair:2   | Found a hole to the Spider Nest.
 13402 | Lair:2   | Reached skill level 10 in Armour
 13580 | Lair:2   | Identified a scroll of acquirement
 13581 | Lair:2   | Acquired 897 gold pieces
 14064 | D:12     | Found a staircase to the Orcish Mines.
 14074 | Orc:1    | Entered Level 1 of the Orcish Mines
 14074 | Orc:1    | Noticed Urug
 14087 | D:12     | Killed Urug
 14102 | D:12     | Reached XP level 14. HP: 31/77 MP: 12/20
 14357 | Orc:1    | Found Coaducipp's Assorted Antiques.
 14398 | Orc:1    | Found Habad's Weapon Emporium.
 14475 | Orc:1    | Found Pinozi's General Store.
 14751 | Orc:2    | Entered Level 2 of the Orcish Mines
 14793 | Orc:2    | Found a staircase to the Elven Halls.
 14904 | Orc:2    | Found Goin's Assorted Antiques.
 15104 | Orc:2    | Noticed Donald
 15465 | Orc:2    | Found a roughly hewn altar of Beogh.
 15608 | Orc:2    | Killed Donald
 15740 | Orc:2    | Found Fuwkim's General Store.
 15810 | Orc:2    | Found Hoappum's General Store.
 16234 | Orc:2    | Reached skill level 1 in Evocations
 16307 | Orc:2    | Found Noettiunt's Antique Weapon Emporium.
 16307 | Orc:2    | Found Xedulaf's Book Shoppe.
 16308 | Orc:2    | Found a one-way gate leading to the halls of Pandemonium.
 16310 | Orc:2    | Bought a twisted dagger for 231 gold pieces
 16310 | Orc:2    | Identified the +4 dagger "Dragon's Tongue" {venom, +Blink}
                  | (You bought it in a shop on level 2 of the Orcish Mines)
 16343 | Orc:2    | Bought a scroll of amnesia for 64 gold pieces
 16343 | Orc:2    | Bought a potion of degeneration for 16 gold pieces
 16343 | Orc:2    | Bought a potion of cancellation for 128 gold pieces
 16383 | Orc:1    | Bought a glowing rapier for 203 gold pieces
 16385 | Orc:1    | Bought a scroll of acquirement for 1508 gold pieces
 16385 | Orc:1    | Acquired the amulet "Zoor" {Rampage RegenMP+ Str+2 Int+2}
 16688 | Spider:1 | Entered Level 1 of the Spider Nest
 16765 | Lair:2   | Reached XP level 15. HP: 34/84 MP: 23/23
 16826 | Lair:2   | Mangled by a radroach

Illustrated notes

Levels and vault maps discovered:
D:1:      dpeg_arrival_solitude, layout_basic,
          nicolae_ecumenical_snake_handling, hex_tiny, minmay_pentomino_v4
D:2:      cheibrodos_greedy_goblins, layout_basic, serial_shops,
          nicolae_square_shop, shop, basic_altar, uniq_natasha
D:3:      layout_loops_ring, marbit_many_paths,
          chequers_temple_overflow_minitemple, kennysheep_generic_room_10,
          uniq_crazy_yiuf_cottage, uniq_terence, uniq_jessica
D:4:      layout_rooms, kennysheep_mini
D:5:      layout_basic, gammafunk_ghost_necromancy, uniq_eustachio
D:6:      layout_layer_cave, lemuel_coloured_pillars_altar, okawaru_trees_1,
          uniq_jeremiah
D:7:      layout_loops_corners, mainiacjoe_overflow_paths,
          mainiacjoe_overflow_small_starburst,
          minmay_temple_entry_statues_fountains, uniq_maurice
D:8:      layout_cave_pools, kennysheep_mini_moat, hangedman_decor_slide_cut
D:9:      layout_loops_ring, nzn_overflow_gifts_of_might_and_magic
D:10:     layout_basic, nicolae_overflow_squiral, lair_entry_dummy,
          enter_bailey_5, mrwooster_statue_mirror, minivault_13
D:11:     layout_grid_maze, portal_ice_cave_demonic_guard, uniq_erica
D:12:     layout_irregular_city, orc_0_dummy, serial_shops, shop,
          hangedman_abyss_or_decor_passed, uniq_psyche
Lair:1:   layout_cave_pods, grunt_megastairs_4
Lair:2:   layout_loops_ring, hellmonk_spider_entry_not_the_bees
Lair:3:   layout_regular_city, nicolae_shoals_entry_roost,
          infiniplex_staircase_pool
Lair:4:   layout_loops_ring, slime_entry_1, hellmonk_talismancer,
          lemuel_fruit_tree, grunt_megastairs_2
Spider:1: layout_spider_delve
Orc:1:    layout_caves, serial_shops, nicolae_shop_overgrown_old_shop, shop,
          nicolae_shop_bloodbath_and_beyond, uniq_urug
Orc:2:    pf_orc_diabolical, layout_caves, serial_shops,
          nicolae_shop_waterfront, minmay_orc_temple_c, uniq_donald

Skill      XL: |  1  2  3  4  5  6  7  8  9 10 11 12 13 14 |
---------------+-------------------------------------------+-----
Short Blades   | 2 3 4 6 10 12 14 | 14.0
Fighting       | 3 4 5 8 10 11 | 11.7
Shields        | 3 4 5 6 |  6.0
Invocations    | 1 3 4 7 9 |  9.9
Armour         | 3 7 10 11 | 11.5
Evocations     | 2 |  2.4

Action                     |  1- 3 |  4- 6 |  7- 9 | 10-12 | 13-15 || total
---------------------------+-------+-------+-------+-------+-------++-------
  Melee: Rapier            |   107 |   215 |   387 |   236 |   812 ||  1757
         Bite              |    22 |    73 |   119 |   290 |   357 ||   861
         Dagger            |       |       |       |   566 |   140 ||   706
 Invoke: Stomp             |       |       |       |     4 |       ||     4
         Line Pass         |       |       |       |     2 |       ||     2
  Evoke: Wand              |       |       |       |       |     5 ||     5
    Use: Scroll            |       |       |       |    12 |     9 ||    21
         Potion            |       |       |       |     6 |     6 ||    12
   Stab: Paralysed         |       |     2 |    16 |    52 |    67 ||   137
         Distracted        |       |       |       |       |     1 ||     1
 Armour: Scale mail        |    60 |   168 |     7 |       |       ||   235
         Plate armour      |       |       |   349 |   589 |   755 ||  1693
  Dodge: Dodged            |    36 |    76 |    99 |   153 |   208 ||   572
  Block: Buckler           |    22 |    57 |    92 |   155 |   186 ||   512
         Reflection        |       |       |       |       |    11 ||    11

Table legend: (Time is in decaauts)
 A = Elapsed time spent in this place.
 B = Non-inter-level travel time spent in this place.
 C = Inter-level travel time spent in this place.
 D = Time resting spent in this place.
 E = Time spent auto-exploring this place.
 F = Levels seen in this place.
 G = Mean time per level.
                   A        B        C        D        E       F      G
               +--------+--------+--------+--------+--------+-----+--------+
         Total |  16052 |  15455 |    597 |    796 |  11158 |  21 |  764.4 |
       Dungeon |   9926 |   9555 |    371 |    322 |   7153 |  12 |  827.2 |
          Lair |   3737 |   3611 |    126 |    274 |   2769 |   4 |  934.2 |
   Spider Nest |      8 |      8 |      0 |      0 |      0 |   1 |    8.0 |
  Orcish Mines |   2066 |   1968 |     98 |    177 |   1072 |   2 | 1033.0 |
        Bailey |    228 |    228 |      0 |     22 |    117 |   1 |  228.0 |
      Ice Cave |     85 |     85 |      0 |      0 |     46 |   1 |   85.0 |
               +--------+--------+--------+--------+--------+-----+--------+

Top non-repeatable levels by time:
   Orc:2: 1561 daAuts
     D:7: 1259 daAuts
     D:1: 1176 daAuts
  Lair:1: 1108 daAuts
     D:6: 1101 daAuts
    D:10: 985 daAuts
  Lair:3: 919 daAuts
  Lair:4: 911 daAuts
     D:5: 879 daAuts
     D:3: 877 daAuts
    D:11: 855 daAuts
  Lair:2: 797 daAuts
     D:9: 726 daAuts
     D:8: 713 daAuts
     D:4: 531 daAuts
